 Dungeon Crawl Stone Soup version 0.25.1-2-g60ff931df9 (webtiles) character file.

Game seed: 2159884325637878194

195469 Morbidden the Thrower (level 18, -1/158 HPs)
             Began as a Red Draconian Assassin on July 30, 2020.
             Was a Priest of Cheibriados.
             Slain by a yaktaur captain (26 damage)
             ... on level 1 of the Depths on July 31, 2020.
             The game lasted 01:55:05 (46504 turns).

Morbidden the Thrower (Red Draconian Assassin)     Turns: 46504, Time: 01:55:06

Health: -1/158     AC: 14    Str: 35    XL:     18   Next: 12%
Magic:  24/33      EV: 21    Int: 32    God:    Cheibriados [***...]
Gold:   2773       SH: 23    Dex: 21    Spells: 40/40 levels left

rFire    + . .     SeeInvis .   C - +9 scimitar (elec)
rCold    . . .     Gourm    .   Y - +4 kite shield of the Bouncing Friars {*Slow Int+6}
rNeg     . . .     Faith    .   (armour unavailable)
rPois    .         Spirit   .   g - +2 hood of the Assassin {Detection Stab+ Stlth++}
rElec    .         Reflect  +   b - +0 cloak
rCorr    .         Harm     .   (no gloves)
MR       +....                  O - +0 pair of boots
Stlth    ++++++....             A - amulet of reflection
HPRegen  0.36/turn              p - +6 ring of strength
MPRegen  0.23/turn              u - +6 ring of strength

@: studying 2 skills, very slow
A: breathe fire, unfitting armour, fire resistance 1, cold-blooded, AC +10
a: Breathe Fire, Bend Time, Temporal Distortion, Renounce Religion


You were on level 1 of the Depths.
You worshipped Cheibriados.
Cheibriados was most pleased with you.
You were not hungry.

You visited 8 branches of the dungeon, and saw 33 of its levels.
You also visited: Sewer and Volcano.

You collected 5300 gold pieces.
You spent 2527 gold pieces at shops.

Inventory:

Hand Weapons
 l - a +6 vampiric scimitar
 x - a +2 whip of electrocution
 C - a +9 scimitar of electrocution (weapon)
Missiles
 i - 7 curare-tipped darts
 o - a throwing net
 E - 5 boomerangs (quivered)
 K - 12 javelins
 V - a poisoned dart
Armour
 b - a +0 cloak (worn)
 g - the +2 hood of the Assassin (worn) {Detection Stab+ Stlth++}
   (You found it on level 3 of the Lair of Beasts)

   It makes you much more stealthy.
 O - a +0 pair of boots (worn)
 Y - the +4 kite shield of the Bouncing Friars (worn) {*Slow Int+6}
   (You bought it in a shop on level 2 of the Orcish Mines)

   It affects your intelligence (+6).
   It may slow you when you take damage.
Jewellery
 p - a +6 ring of strength (left hand)
 u - a +6 ring of strength (right hand)
 v - an uncursed ring of fire
 A - an amulet of reflection (around neck)
 F - an uncursed ring of magical power
 I - an uncursed ring of flight
 N - an uncursed ring of protection from fire
 P - an uncursed ring of magical power
Wands
 n - a wand of clouds (1)
 y - a wand of paralysis (27)
 G - a wand of flame (7)
 L - a wand of iceblast (17)
 Q - a wand of enslavement (10)
 U - a wand of disintegration (19)
 X - a wand of acid (8)
Scrolls
 e - a scroll of fog
 h - 13 scrolls of identify
 k - 10 scrolls of remove curse
 m - 6 scrolls of magic mapping
 r - 10 scrolls of teleportation
 t - 8 scrolls of amnesia
 w - 2 scrolls of enchant weapon
 z - a scroll of silence {unknown}
 R - a scroll of torment
Potions
 a - a potion of resistance
 j - 2 potions of invisibility
 q - 3 potions of magic
 s - 3 potions of brilliance
 B - 2 potions of mutation
 D - 3 potions of cancellation
 H - a potion of flight
 J - 7 potions of stabbing
 S - 2 potions of lignification
 W - 3 potions of might
Books
 d - a manual of Crossbows
 Z - a manual of Transmutations
Miscellaneous
 c - a tin of tremorstones (2/3)
 T - a box of beasts
Comestibles
 f - 49 rations
 M - 7 chunks of flesh


   Skills:
 * Level 13.5 Fighting
   Level 4.7(6.1) Short Blades
 * Level 6.1(6.8) Long Blades
 + Level 9.3 Maces & Flails
 + Level 14.0 Throwing
 * Level 11.4 Dodging
 + Level 7.9 Stealth
 * Level 8.5 Shields
 * Level 11.8 Spellcasting
 * Level 10.0 Transmutations
 * Level 12.9 Invocations
 + Level 2.0 Evocations


You had 40 spell levels left.
You didn't know any spells.
Your spell library contained the following spells:

 Spells                   Type           Power        Failure   Level  Hunger
 Passwall                 Tmut/Erth      ######..     1%          2    None
 Animate Skeleton         Necr           N/A          6%          1    None
 Apportation              Tloc           ###...       6%          1    None
 Corona                   Hex            ###....      6%          1    None
 Sandblast                Erth           ###...       6%          1    None
 Summon Butterflies       Summ           ###.....     6%          1    None
 Summon Small Mammal      Summ           ###.         6%          1    None
 Ice Form                 Ice/Tmut       ######..     8%          4    None
 Petrify                  Tmut/Erth      ######..     8%          4    None
 Poisonous Vapours        Pois/Air       ###...       9%          2    None
 Confusing Touch          Hex            ###.....     17%         3    None
 Conjure Flame            Conj/Fire      ###.....     17%         3    None
 Gell's Gravitas          Tloc           ###.......   17%         3    None
 Mephitic Cloud           Conj/Pois/Air  ###.....     17%         3    None
 Recall                   Summ/Tloc      N/A          17%         3    None
 Stone Arrow              Conj/Erth      ###...       17%         3    None
 Yara's Violent Unravell  Hex/Tmut       ######....   21%         5    ##.....
 Lee's Rapid Deconstruct  Erth           ###.......   85%         5    ##.....
 Metabolic Englaciation   Hex/Ice        ###.......   85%         5    ##.....
 Summon Mana Viper        Hex/Summ       ###.....     85%         5    ##.....
 Freezing Cloud           Conj/Ice/Air   ###.......   100%        6    ####...
 Ozocubu's Refrigeration  Ice            ###.......   100%        6    ####...
 Shadow Creatures         Summ           N/A          100%        6    ####...
 Simulacrum               Ice/Necr       ###.......   100%        6    ####...
 Ring of Flames           Chrm/Fire      ###.......   100%        7    ######.


Dungeon Overview and Level Annotations

Branches:
Dungeon (15/15)            Temple (1/1) D:5            Lair (6/6) D:8
  Swamp (4/4) Lair:2       Spider (2/4) Lair:3        Slime (0/5) Lair:6
    Orc (2/2) D:10            Elf (2/3) Orc:2        Vaults (0/5) D:14
 Depths (1/5) D:15          Sewer (visited)         Volcano (visited)

Altars:
Ashenzari
Cheibriados
Dithmenos
Elyvilon
Fedhas
Gozag
Hepliaklqana
Kikubaaqudgha
Makhleb
Nemelex Xobeh
Okawaru
Qazlal
Ru
Sif Muna
Trog
Uskayaw
Vehumet
Wu Jian
Xom
Yredelemnul
Zin
The Shining One

Shops:
D:8 %   D:9 *   D:11 (   Orc:2 *?*%=?   Elf:1 *

Portals:
Hell: Depths:1
Ziggurat: Depths:1

Annotations:
D:3 4 runed translucent doors, Crazy Yiuf; mandor's ghost, amateur GnWz
Lair:4 1 runed translucent door, exclusion: 4 oklob plants, rayg00n's ghost, journeyman FeTm
Swamp:4 Lernaean hydra
Elf:2 2 runed translucent doors


Innate Abilities, Weirdness & Mutations

You can breathe blasts of fire.
Your fiery red scales are hard. (AC +10)
You cannot fit into any form of body armour.
Your flesh is heat resistant. (rF+)
You are cold-blooded and may be slowed by cold attacks.


Message History

Unknown command.
Unknown command.
Unknown command.
Unknown command.
Okay, then.
Unknown command.
Okay, then.
You slash the tengu warrior!
The tengu warrior is almost dead.
You block the yaktaur captain's attack.
Unknown command.
Unknown command.
Unknown command.
You slash the tengu warrior!
Lightning courses through the tengu warrior!
You kill the tengu warrior!
Cheibriados appreciates the change of pace.
Your Evocations skill increases to level 2!
The yaktaur captain hits you!!
You die...

#(#≈...(..≈#
#.#≈..()..≈#
#.#≈♣..(.♣≈#
#.#≈.(....≈#
#(#≈...(..≈#
#.#≈......≈#
#.#≈♣....♣≈#
#()c.......#
#.@[.......#
############


You could see a yaktaur captain.

Vanquished Creatures
  A lich (Depths:1)
  Gastronok (D:9)
  3 thorn hunters
  Donald (Swamp:4)
  A fire giant (D:15)
  Roxanne (Swamp:2)
  A frost giant (Depths:1)
  4 very ugly things
  An entropy weaver (Spider:1)
  2 stone giants (Depths:1)
  A deep elf annihilator (Elf:2)
  2 deep elf demonologists (Elf:1)
  5 dire elephants (Lair:6)
  Josephine (D:15)
  A vault guard (D:14)
  A yaktaur captain (Depths:1)
  20 hydras
  4 ghost crabs
  An anaconda (Lair:6)
  2 centaur warriors
  A hell hog (Volcano)
  3 ogre magi
  10 dancing weapons
  16 two-headed ogres
  5 death yaks (Lair:2)
  12 alligators
  A deep troll earth mage (Depths:1)
  3 tengu warriors
  Sonja (Lair:1)
  8 deep elf knights
  A fire crab (Volcano)
  12 skeletal warriors
  2 deep trolls (Orc:2)
  8 swamp dragons
  3 unseen horrors
  Pikel (D:6)
  2 wizards
  8 deep elf archers
  A necromancer (Depths:1)
  38 deep elf magi
  11 ugly things
  2 orb spiders (Spider:1)
  6 cyclopes
  2 orc sorcerers
  5 wolf spiders (Spider:1)
  2 orc knights
  3 manticores
  10 elephants
  7 black mambas
  17 spiny frogs
  A gargoyle (D:11)
  4 yaktaurs (Depths:1)
  3 rime drakes
  6 komodo dragons
  An efreet (D:15)
  A tengu conjurer (D:15)
  21 trolls
  4 demonic crawlers
  19 blink frogs
  13 hornets
  16 tyrant leeches
  19 slime creatures
  5 jumping spiders (Spider:1)
  4 polar bears (Lair:2)
  A polar bear (shapeshifter) (Elf:2)
  19 bog bodies
  4 dream sheep (Lair:5)
  11 hippogriffs
  14 redbacks
  3 air elementals
  7 spriggans
  3 shadows
  11 tarantellas
  3 wyverns
  6 wraiths
  41 yaks
  5 fire elementals
  2 fire bats (Volcano)
  3 steam dragons
  5 basilisks
  3 water elementals
  2 hungry ghosts
  10 vampire mosquitoes
  Edmund (D:4)
  4 acid dragons
  4 wargs
  A soldier ant (D:14)
  17 swamp worms
  12 water moccasins
  9 porcupines
  22 orc warriors
  3 hell hounds (Volcano)
  7 black bears
  11 swamp drakes
  9 sky beasts
  3 ice beasts
  3 phantoms
  2 eyes of draining (D:12)
  A slave (D:6)
  32 ogres
  A necrophage (D:8)
  10 wolves
  10 centaurs
  A big kobold (D:7)
  13 crocodiles
  5 earth elementals
  20 bullfrogs
  A wyvern skeleton (D:13)
  5 scorpions
  8 killer bees
  3 wights (D:13)
  An electric eel (Lair:5)
  5 howler monkeys
  3 bullfrog zombies
  2 centaur zombies
  7 crimson imps
  3 quasits
  4 jellies
  16 orc priests
  5 hounds
  24 orc wizards
  3 centaur skeletons
  A bullfrog skeleton (D:10)
  Jessica (D:2)
  Terence (D:2)
  Natasha (thrice) (D:3)
  5 iguanas
  2 hell rats (Lair:6)
  12 worker ants
  Ijyb (D:4)
  A killer bee zombie (D:6)
  Robin (D:3)
  2 worker ant zombies
  12 adders
  8 gnolls
  A howler monkey skeleton (D:6)
  9 river rats (Lair:6)
  2 shadow imps
  An ooze (D:1)
  3 worms
  3 dart slugs
  6 leopard geckos
  88 orcs
  6 bats
  9 giant cockroaches
  12 goblins
  15 hobgoblins
  13 jackals
  4 quokkas
  4 ball pythons
  6 frilled lizards
  A giant cockroach zombie (D:5)
  16 kobolds
  10 rats
  2 plants
1077 creatures vanquished.

Vanquished Creatures (others)
  A deep elf knight (Elf:2)
  A spiny frog (Swamp:4)
  A water elemental (Elf:2)
  A giant cockroach (D:6)
  A bush (Swamp:4)
  15 fungi
  15 plants
35 creatures vanquished.

Grand Total: 1112 creatures vanquished

Notes
Turn   | Place    | Note
-------+----------+-------------------------------------------
     0 | D:1      | Morbidden the Draconian Assassin began the quest for the
                  | Orb.
     0 | D:1      | Reached XP level 1. HP: 17/17 MP: 1/1
    31 | D:1      | Reached skill level 2 in Throwing
    95 | D:1      | Reached XP level 2. HP: 4/25 MP: 2/2
   593 | D:1      | Reached XP level 3. HP: 30/30 MP: 4/4
   943 | D:2      | Reached skill level 1 in Spellcasting
   966 | D:2      | Reached skill level 1 in Dodging
   966 | D:2      | Reached XP level 4. HP: 9/37 MP: 5/5
  2222 | D:3      | Noticed Jessica
  2244 | D:2      | Killed Jessica
  2244 | D:2      | Reached XP level 5. HP: 34/45 MP: 7/7
  2341 | D:3      | Noticed a sky beast
  2489 | D:3      | Noticed Terence
  2767 | D:2      | Killed Terence
  2857 | D:3      | Killed a sky beast
  2857 | D:3      | Reached XP level 6. HP: 38/52 MP: 9/9
  2881 | D:3      | Noticed Robin
  3186 | D:3      | Noticed Natasha
  3196 | D:3      | Killed Natasha
  3367 | D:3      | Killed Robin
  3430 | D:3      | Noticed Natasha
  3442 | D:3      | Killed Natasha
  3630 | D:3      | Noticed Natasha
  3646 | D:3      | Killed Natasha
  3786 | D:3      | Found a runed translucent door.
  3787 | D:3      | Noticed Crazy Yiuf
  3829 | D:3      | Found a runed translucent gate.
  3829 | D:3      | Found a runed translucent gate.
  3829 | D:3      | Found a runed translucent gate.
  3829 | D:3      | Noticed mandor's ghost (amateur GnWz)
  3951 | D:4      | Found a glowing drain.
  3952 | D:4      | Noticed Edmund
  4006 | D:4      | Killed Edmund
  4006 | D:4      | Reached skill level 3 in Throwing
  4006 | D:4      | Your scales start taking on a fiery red colour.
  4006 | D:4      | Reached XP level 7. HP: 32/59 MP: 10/10
  4006 | D:4      | Gained mutation: Your flesh is heat resistant. (rF+) [Red
                  | Draconian growth]
  4043 | Sewer    | Entered a sewer
  4688 | D:4      | Noticed Ijyb
  4693 | D:4      | Killed Ijyb
  5091 | D:5      | Entered Level 5 of the Dungeon
  5217 | D:5      | Reached skill level 4 in Throwing
  5560 | D:5      | Reached skill level 5 in Stealth
  5560 | D:5      | Reached XP level 8. HP: 67/67 MP: 12/12
  5585 | D:5      | Found an iron altar of Okawaru.
  5676 | D:5      | Found a radiant altar of Vehumet.
  5818 | D:5      | Found a staircase to the Ecumenical Temple.
  5827 | Temple   | Entered the Ecumenical Temple
  5938 | Temple   | Became a worshipper of Cheibriados the Contemplative
  6211 | D:6      | Reached skill level 1 in Invocations
  6219 | D:6      | Reached skill level 5 in Fighting
  6393 | D:6      | Noticed Pikel
  6423 | D:6      | Killed Pikel
  6423 | D:6      | Reached skill level 5 in Throwing
  6423 | D:6      | Reached skill level 1 in Shields
  6798 | D:6      | Reached * piety under Cheibriados
  7019 | D:6      | Reached skill level 1 in Maces & Flails
  7105 | D:6      | Reached XP level 9. HP: 67/74 MP: 15/15
  7415 | D:7      | Reached ** piety under Cheibriados
  7729 | D:7      | Found a shadowy altar of Dithmenos.
  7817 | D:7      | Reached skill level 5 in Spellcasting
  8082 | D:8      | Found Plog's Food Shop.
  8409 | D:8      | Reached *** piety under Cheibriados
  8505 | D:8      | Reached XP level 10. HP: 84/84 MP: 16/18
  8534 | D:8      | Reached skill level 6 in Throwing
  8571 | D:8      | Found a staircase to the Lair.
  9374 | D:9      | Found Axats's Assorted Antiques.
  9491 | D:9      | Noticed Gastronok
  9509 | D:9      | Killed Gastronok
  9509 | D:9      | Reached skill level 7 in Throwing
  9509 | D:9      | Reached skill level 5 in Invocations
  9769 | D:10     | Entered Level 10 of the Dungeon
 10187 | D:10     | Reached **** piety under Cheibriados
 10246 | D:10     | Noticed an orc knight
 10253 | D:10     | Killed an orc knight
 10253 | D:10     | Reached XP level 11. HP: 66/94 MP: 20/20
 10301 | D:10     | Found a staircase to the Orcish Mines.
 10305 | D:10     | Reached skill level 8 in Throwing
 11125 | Lair:1   | Entered Level 1 of the Lair of Beasts
 11125 | Lair:1   | Noticed Sonja
 11131 | Lair:1   | Killed Sonja
 11648 | Lair:1   | Reached skill level 5 in Dodging
 12437 | Lair:1   | Reached ***** piety under Cheibriados
 12923 | Lair:1   | Reached skill level 5 in Maces & Flails
 13323 | Lair:2   | Reached XP level 12. HP: 84/104 MP: 23/23
 13468 | Lair:2   | Reached skill level 9 in Throwing
 13799 | Lair:2   | Noticed a death yak
 13799 | Lair:2   | Noticed a death yak
 14230 | Lair:2   | Noticed a death yak
 14235 | Lair:2   | Noticed a death yak
 14236 | Lair:2   | Killed a death yak
 14244 | Lair:2   | Noticed a death yak
 14253 | Lair:2   | Killed a death yak
 14253 | Lair:2   | Killed a death yak
 14257 | Lair:2   | Killed a death yak
 14257 | Lair:2   | Killed a death yak
 14721 | Lair:2   | Found a staircase to the Swamp.
 15104 | Lair:3   | Found a transporter.
 15104 | Lair:3   | Found the +2 hood of the Assassin {Detection Stab+ Stlth++}
 15391 | Lair:3   | Reached skill level 10 in Throwing
 15418 | Lair:3   | Reached ****** piety under Cheibriados
 15685 | Lair:3   | Found a transporter.
 16276 | Lair:3   | Found a hole to the Spider Nest.
 16470 | Lair:3   | Reached XP level 13. HP: 113/113 MP: 25/25
 16470 | Lair:3   | Reached skill level 10 in Fighting
 17513 | Lair:4   | Found a runed translucent door.
 17560 | Lair:4   | Noticed rayg00n's ghost (journeyman FeTm)
 20195 | Lair:6   | Entered Level 6 of the Lair of Beasts
 20397 | Lair:6   | Found a staircase to the Slime Pits.
 21643 | Lair:6   | Noticed a dire elephant
 21658 | Lair:6   | Killed a dire elephant
 21704 | Lair:6   | Noticed a dire elephant
 21704 | Lair:6   | Noticed a dire elephant
 22021 | Lair:6   | Killed a dire elephant
 22021 | Lair:6   | Reached XP level 14. HP: 110/122 MP: 27/27
 22632 | D:11     | Found Xafewyev's Weapon Shoppe.
 23302 | D:12     | Reached skill level 11 in Throwing
 24228 | D:12     | Reached skill level 10 in Invocations
 26046 | D:14     | Reached skill level 1 in Evocations
 26984 | D:14     | Found a gate to the Vaults.
 26994 | D:14     | Reached skill level 10 in Spellcasting
 27169 | D:15     | Entered Level 15 of the Dungeon
 27300 | D:15     | Reached XP level 15. HP: 49/132 MP: 21/29
 27638 | D:15     | Found a staircase to the Depths.
 27639 | D:15     | Noticed a fire giant
 27648 | D:15     | Killed a fire giant
 27958 | D:15     | Reached skill level 12 in Throwing
 28529 | D:15     | Identified a scroll of acquirement
 28529 | D:15     | Acquired a manual of Transmutations
 29037 | D:15     | Reached skill level 1 in Transmutations
 29182 | D:15     | Noticed Josephine
 29190 | D:15     | Killed Josephine
 29749 | Orc:1    | Entered Level 1 of the Orcish Mines
 30451 | Orc:2    | Entered Level 2 of the Orcish Mines
 30516 | Orc:2    | Found a dark tunnel.
 30521 | Volcano  | Entered a volcano
 31124 | Orc:2    | Reached skill level 10 in Dodging
 31581 | Orc:2    | Found Jadeyw's Food Shop.
 31581 | Orc:2    | Found Iluannem's Magic Scroll Shoppe.
 31652 | Orc:2    | Found Jory's Jewellery Boutique.
 31653 | Orc:2    | Found Zeagh's General Store.
 31676 | Orc:2    | Found a staircase to the Elven Halls.
 31682 | Orc:2    | Found Egoig's Eclectic Emporium.
 31714 | Orc:2    | Bought the +4 kite shield of the Bouncing Friars {*Slow
                  | Int+6} for 539 gold pieces
 32022 | Orc:2    | Found Lesenedo's Magic Scroll Boutique.
 32369 | Orc:2    | Bought an uncursed amulet of reflection for 480 gold pieces
 32819 | Swamp:1  | Entered Level 1 of the Swamp
 33496 | Swamp:1  | Reached skill level 5 in Transmutations
 33609 | Swamp:1  | Reached XP level 16. HP: 49/140 MP: 21/30
 34539 | Swamp:2  | Reached skill level 13 in Throwing
 34572 | Swamp:2  | Reached skill level 5 in Shields
 34747 | Swamp:2  | Noticed Roxanne
 34756 | Swamp:2  | Killed Roxanne
 34758 | Swamp:2  | Noticed a thorn hunter
 34767 | Swamp:2  | Killed a thorn hunter
 36105 | Swamp:3  | Noticed a thorn hunter
 36112 | Swamp:3  | Killed a thorn hunter
 36741 | Swamp:4  | Entered Level 4 of the Swamp
 37783 | Swamp:4  | Noticed a thorn hunter
 37788 | Swamp:4  | Killed a thorn hunter
 39002 | Swamp:4  | Reached XP level 17. HP: 148/148 MP: 32/32
 39345 | Swamp:4  | Noticed Donald
 39353 | Swamp:4  | Killed Donald
 39576 | Swamp:4  | Noticed the 27-headed Lernaean hydra
 39840 | Spider:1 | Entered Level 1 of the Spider Nest
 40653 | Spider:1 | Reached skill level 1 in Long Blades
 42122 | Elf:1    | Entered Level 1 of the Elven Halls
 42376 | Elf:1    | Found Inkesey's Assorted Antiques.
 42540 | Elf:1    | Bought a scroll of acquirement for 1508 gold pieces
 42540 | Elf:1    | Acquired 2070 gold pieces
 42559 | Elf:1    | Identified the Almanac of Creation
 44578 | Elf:2    | Reached skill level 5 in Long Blades
 44635 | Elf:2    | HP: 5/150 [+1 scimitar of draining (3)]
 44658 | Elf:2    | HP: 5/150 [air elemental (11)]
 44679 | Elf:2    | Found a runed translucent gate.
 44679 | Elf:2    | Found a runed translucent gate.
 45272 | Depths:1 | Entered Level 1 of the Depths
 45272 | Depths:1 | Found a gateway to a ziggurat.
 45316 | Depths:1 | Noticed a lich
 45317 | Depths:1 | Killed a lich
 45398 | Depths:1 | Found an ornate altar of the Wu Jian Council.
 45425 | Depths:1 | Reached XP level 18. HP: 155/158 MP: 33/33
 45938 | Depths:1 | Found a gateway to Hell.
 46385 | Depths:1 | Noticed a lich
 46460 | Depths:1 | Reached skill level 10 in Transmutations
 46499 | Depths:1 | Reached skill level 14 in Throwing
 46504 | Depths:1 | Slain by a yaktaur captain

Illustrated notes

Levels and vault maps discovered:
D:1:      evilmike_arrival_rings, layout_rooms
D:2:      layout_loops_ring, first_ration, chequers_serial_rivers_micro_d,
          hangedman_decor_diamond_cutter
D:3:      layout_rooms, ebering_ghost_rock_garden, minmay_misc_feat_hallway,
          uniq_crazy_yiuf_cottage, uniq_robin, uniq_jessica, uniq_terence,
          uniq_natasha
D:4:      layout_loops_ring, cheibrodos_sewer_entry_drain, st_stairs_1,
          uniq_edmund, uniq_ijyb
D:5:      layout_loops_ring, lemuel_doored_altar,
          minmay_temple_entry_nine_rooms, okawaru_metal_pillars_1_2
D:6:      minmay_chambers_of_sixes, layout_basic, uniq_pikel
D:7:      layout_rooms, grunt_dithmenos_smoke_and_mirrors
D:8:      layout_cave_pools, erik_lair_orcish_takeover, serial_shops, shop
D:9:      layout_irregular_city, serial_shops, shop, uniq_gastronok
D:10:     layout_rooms, orc_david_3
D:11:     layout_gridville, serial_shops, nicolae_shop_crystal
D:12:     layout_basic
D:13:     layout_layer_cave, serial_glass, glass_columns_c, glass_columns_a,
          glass_columns_a, glass_columns_a
D:14:     layout_loops_ring, david_vaults_5, serial_park_tiny_1,
          hangedman_pestilent_swarm, kennysheep_inner_square
D:15:     grunt_enter_depths_giant_problem, layout_layer_cave,
          minmay_misc_feat_tiny, lemuel_flame_loot_1, uniq_josephine
Temple:   kilobyte_greek_temple
Lair:1:   layout_regular_city, grunt_megastairs_3, uniq_sonja
Lair:2:   beast_lair_carwin_large_1, layout_chaotic_city,
          minmay_swamp_entry_worms
Lair:3:   gammafunk_cloud_chamber, layout_cave_pods,
          nicolae_spider_entry_non_spiders
Lair:4:   layout_regular_city, gammafunk_ghost_grave, minmay_lair_oklob_chamber,
          infiniplex_staircase_pool
Lair:5:   layout_big_grid, serial_bayou_shore_b, serial_bayou_shore_a
Lair:6:   due_jungle_book, layout_long_grid, slime_dummy, kennysheep_rathole
Swamp:1:  layout_basic_swamp, evilmike_swamp_ruin_house_1, swamp_pool2,
          st_swamp_ruins_2, infiniplex_staircase_pool_2
Swamp:2:  layout_basic_swamp, hangedman_swamp_cone, uniq_roxanne
Swamp:3:  layout_basic_swamp, evilmike_swamp_ruin_rubble_1, swamp_pool4
Swamp:4:  grunt_swamp_rune_castle, layout_basic_swamp, swamp_pool3, uniq_donald
Spider:1: layout_spider_delve
Spider:2: layout_spider_delve
Orc:1:    layout_diamond_mine
Orc:2:    st_orc_open, layout_caves, serial_shops, shop_fountains,
          nicolae_volcano_entry_s_turn, nicolae_alphabet_shops
Elf:1:    layout_geoelf_diagonals, serial_shops, nicolae_shop_trees,
          minmay_elf_demonology
Elf:2:    layout_loops_cross, serial_shops, nicolae_shop_crystal
Depths:1: layout_gridville, enter_ziggurat_f, lemuel_round_altar,
          abyss_entry_flame_altar, hell_entry, grunt_decor_resistance,
          kennysheep_opposing_triangles, kennysheep_random_hallway

Skill      XL: |  1  2  3  4  5  6  7  8  9 10 11 12 13 14 15 16 17 18 |
---------------+-------------------------------------------------------+-----
Throwing       | 2 3 4 5 7 8 10 11 12 13 14 | 14.0
Stealth        | 4 5 6 7 |  7.9
Spellcasting   | 1 2 3 4 5 6 7 8 9 10 11 | 11.8
Dodging        | 1 2 3 4 5 7 8 9 10 11 | 11.4
Fighting       | 3 4 5 6 8 9 10 11 12 13 | 13.5
Short Blades   | 3 4 |  4.7
Invocations    | 2 4 5 6 8 9 10 11 12 | 12.9
Shields        | 2 3 4 6 8 |  8.5
Maces & Flails | 1 2 3 5 6 7 8 9 |  9.3
Evocations     | 1 2 |  2.0
Transmutations | 5 8 9 10 | 10.0
Long Blades    | 5 6 |  6.1

Action                   |  1- 3 |  4- 6 |  7- 9 | 10-12 | 13-15 | 16-18 || total
-------------------------+-------+-------+-------+-------+-------+-------++-------
Melee: Dagger            |    81 |   211 |   155 |       |       |       ||   447
       Tailslap          |     7 |    26 |    46 |    96 |   238 |   162 ||   575
       Whip              |       |       |   133 |   347 |   858 |   246 ||  1584
       Scimitar          |       |       |       |       |       |   358 ||   358
Throw: Dart              |    10 |    68 |   114 |    84 |    99 |   117 ||   492
       Throwing net      |       |     1 |     2 |       |       |       ||     3
       Boomerang         |       |       |    24 |   170 |   541 |   402 ||  1137
       Javelin           |       |       |       |       |    13 |     5 ||    18
Invok: Slouch            |       |       |       |     1 |    15 |    10 ||    26
       Step From Time    |       |       |       |       |     3 |     6 ||     9
 Abil: Breathe Fire      |       |       |    24 |    30 |    31 |     9 ||    94
Evoke: Wand              |       |       |     1 |     3 |    20 |    16 ||    40
       Tin of tremorston |       |       |       |       |     6 |     6 ||    12
       Box of beasts     |       |       |       |       |       |     1 ||     1
  Use: Scroll            |       |     8 |       |    11 |    15 |    12 ||    46
       Potion            |       |       |     2 |     8 |     7 |     6 ||    23
 Stab: Sleeping          |     7 |     5 |     5 |     5 |    31 |    14 ||    67
       Distracted        |       |       |       |     2 |       |       ||     2
       Confused          |       |       |       |     2 |     1 |       ||     3
  Eat: Chunk             |       |     9 |    18 |    19 |    30 |    10 ||    86
       Ration            |       |       |       |       |     2 |     4 ||     6
Armor: Skin              |    28 |    65 |    74 |    88 |   164 |   104 ||   523
Dodge: Dodged            |    32 |   168 |   169 |   270 |   619 |   389 ||  1647
Block: Buckler           |       |       |    40 |    97 |   242 |       ||   379
       Kite shield       |       |       |       |       |    67 |   715 ||   782
       Reflection        |       |       |       |       |       |    48 ||    48
       Rpst.: Scimitar   |       |       |       |       |       |    32 ||    32
